 Dungeon Crawl Stone Soup version 0.29-a0-409-gd843f3a48c (webtiles) character file.

Game seed: 12058369388315581859

32 jlumianski the Skirmisher (level 3, -1/29 HPs)
             Began as a Demonspawn Fighter on May 13, 2022.
             Killed by an exploding goblin (30 damage)
             ... ignited by their inner flame
             ... on level 1 of the Dungeon.
             The game lasted 00:05:39 (1398 turns).

jlumianski the Skirmisher (Demonspawn Fighter)      Turns: 1398, Time: 00:05:40

Health: -1/29      AC:  6    Str: 18    XL:     3   Next: 10%
Magic:  3/3        EV:  9    Int:  9    God:
Gold:   15         SH:  4    Dex: 12    Spells: 2/2 levels left

rFire   . . .      SeeInvis .   h - +1 hand axe (flame)
rCold   . . .      Faith    .   c - +0 buckler
rNeg    . . .      Spirit   .   b - +0 scale mail
rPois   .          Reflect  .   (helmet restricted)
rElec   .          Harm     .   (no cloak)
rCorr   .          Rampage  .   (no gloves)
Will    .....                   (no boots)
Stlth   ..........              (no amulet)
HPRegen 0.09/turn               (no ring)
MPRegen 0.08/turn               (no ring)

@: weak-willed
A: antennae 1
a: no special abilities


You were on level 1 of the Dungeon.
You visited 1 branch of the dungeon, and saw 2 of its levels.

You collected 15 gold pieces.

Inventory:

Hand Weapons
 a - a +0 war axe
 h - a +1 hand axe of flaming (weapon)
Missiles
 n - 21 stones (quivered)
Armour
 b - a +0 scale mail (worn)
 c - a +0 buckler (worn)
 f - a +0 chain mail
Scrolls
 e - 2 scrolls of poison
 o - a scroll of silence {unknown}
Potions
 d - a potion of might
 j - a potion of berserk rage {unknown}
 k - a potion of curing {unknown}
 m - a potion of resistance {unknown}


   Skills:
 + Level 3.3 Fighting
 + Level 2.3 Axes
 + Level 3.0 Armour
 + Level 2.9 Shields


You had 2 spell levels left.
You didn't know any spells.
Your spell library contained the following spells:

 Spells                   Type           Power      Damage    Failure   Level
 Animate Skeleton         Necr           0%         N/A       86%         1
 Apportation              Tloc           0%         N/A       86%         1
 Summon Small Mammal      Summ           0%         N/A       86%         1


Dungeon Overview and Level Annotations

Branches:
Dungeon (2/15)

Altars:

Shops:
D:1 (


Innate Abilities, Weirdness & Mutations

You have a pair of small antennae on your head.


Message History

The ball python is severely wounded.
The ball python closely misses you. The ball python grabs you.
The ball python constricts you. The ball python barely misses you.
The ball python constricts you.
You hit the ball python. You burn the ball python.
You kill the ball python!
Found a robe.
A ball python comes into view.
The ball python hisses angrily.
The ball python closely misses you. You block the ball python's attack.
You see here a +0 robe.
You hit the ball python. You burn the ball python.
You kill the ball python!
Found Fuyzy's Antique Weapon Shoppe.
There is an entrance to Fuyzy's Antique Weapon Shoppe here.
Unknown command.
Partly explored, can't reach some places.
Partly explored, can't reach some places.
The air fills with toxic fumes!
As you read the scroll labelled GUIQOUXKIL, it crumbles to dust.
It was a scroll of poison.
As you read the scroll labelled UBACLY EPHIFAS, it crumbles to dust.
Magic quickly surges around you.
It was a scroll of vulnerability.
As you read the scroll labelled UTEITO KYHOL, it crumbles to dust.
Wisps of shadow whirl around you...
It was a scroll of summoning.
As you read the scroll labelled CUSA FATOWK, it crumbles to dust.
The creatures around you are filled with an inner flame!
It was a scroll of immolation.
Your giant cockroach is engulfed in poison gas.
Your giant cockroach is poisoned.
Flame seeps out of your giant cockroach.
Your goblin is engulfed in poison gas.
Your goblin is poisoned.
Your goblin's corpse dissolves into shadows!
Your goblin explodes!
The fiery explosion engulfs your giant cockroach!!
Your giant cockroach's corpse dissolves into shadows!
The fiery explosion engulfs you!!
Ouch! That really hurt!
You die...

'# #.#
#..##############
.###.#
#...............#
.≈P#.#
#.############[##
<≈P#.# #.# #.#
.≈P#.# #.#
########.# .###.#
#.# #§§......# '#
#.# #.# #§#########
.###.# #§#####§#
#.....# .....#
#§§§§w§@# #.#####
####.# #########
#.# #.# #.#
#.###############.#
#.................#
###################


You could see a friendly dart slug (summoned, inner flame).

Vanquished Creatures
  6 ball pythons (D:1)
  An endoplasm (D:1)
  6 hobgoblins (D:1)
  4 kobolds (D:1)
  4 bats (D:1)
  5 frilled lizards (D:1)
  3 goblins (D:1)
  5 rats (D:1)
34 creatures vanquished.

Vanquished Creatures (others)
  6 demonic plants (D:1)
6 creatures vanquished.

Grand Total: 40 creatures vanquished

Notes
Turn   | Place    | Note
-------+----------+-------------------------------------------
     0 | D:1      | jlumianski the Demonspawn Fighter began the quest for the
                  | Orb.
     0 | D:1      | Reached XP level 1. HP: 18/18 MP: 1/1
   312 | D:1      | Discovered your monstrous ancestry.
   312 | D:1      | Gained mutation: You have a pair of small antennae on your
                  | head. [demonic ancestry]
   312 | D:1      | Reached XP level 2. HP: 23/24 MP: 2/2
  1111 | D:1      | Reached XP level 3. HP: 29/29 MP: 3/3
  1383 | D:1      | Found Fuyzy's Antique Weapon Shoppe.
  1398 | D:1      | Killed by an exploding goblin... ignited by their inner
                  | flame

Illustrated notes

Levels and vault maps discovered:
D:1:      tarquinn_simple_flora_water_e, layout_basic, serial_shops, shop,
          chequers_serial_rivers_large_a, dreamdust_princess_corridor
D:2:      minmay_angry_zag, layout_loops_corners, minmay_increasing_density

Skill      XL: |  1  2 |
---------------+-------+-----
Axes           | 2 |  2.3
Armour         | 3 |  3.0
Fighting       | |  3.3
Shields        | |  2.9

Action                   || total
-------------------------++-------
Melee: War axe           ||    19
       Hand axe          ||    56
  Use: Scroll            ||     4
Armor: Scale mail        ||    33
Dodge: Dodged            ||    35
Block: Buckler           ||    15

Table legend: (Time is in decaauts)
 A = Elapsed time spent in this place.
 B = Non-inter-level travel time spent in this place.
 C = Inter-level travel time spent in this place.
 D = Time resting spent in this place.
 E = Time spent auto-exploring this place.
 F = Levels seen in this place.
 G = Mean time per level.
                   A        B        C        D        E       F      G
               +--------+--------+--------+--------+--------+-----+--------+
         Total |   1429 |   1429 |      0 |      0 |    946 |   2 |  714.5 |
       Dungeon |   1429 |   1429 |      0 |      0 |    946 |   2 |  714.5 |
               +--------+--------+--------+--------+--------+-----+--------+

Top non-repeatable levels by time:
     D:1: 1428 daAuts
     D:2: 1 daAuts
